 Dungeon Crawl Stone Soup version 0.31-a0-246-g8cbcc1cb85 (webtiles) character file.

Game seed: 6464913080752979106

367 qw the Shooter (level 6, -3/37 HPs)
             Began as a Gargoyle Hexslinger on July 12, 2023.
             Slain by an orc warrior
             ... wielding a +1 battleaxe of draining
              (11 damage)
             ... on level 5 of the Dungeon.
             The game lasted 00:01:17 (3766 turns).

qw the Shooter (Gargoyle Hexslinger)                Turns: 3766, Time: 00:01:17

Health: -3/37      AC:  9    Str: 11    XL:     6   Next: 69%
Magic:  7/7        EV: 10    Int: 14    God:
Gold:   229        SH:  0    Dex: 14    Spells: 6/7 levels left

rFire   . . .        Y - +2 sling
rCold   + . .        (no shield)
rNeg    + . .        a - +0 ring mail
rPois   inf          (no helmet)
rElec   +            (no cloak)
rCorr   .            (no gloves)
SInv    .            (no boots)
Will    .....        (no amulet)
Stlth   +            e - ring of protection from cold
HPRegen 0.26/turn    (no ring)
MPRegen 0.10/turn

%: no passive effects
@: about to teleport
A: sickness immunity, AC +4, negative energy resistance 1, electricity
resistance, torment resistance 1, petrification resistance
a: no special abilities


You were on level 5 of the Dungeon.
You visited 1 branch of the dungeon, and saw 6 of its levels.

You collected 229 gold pieces.


Innate Abilities, Weirdness & Mutations

You are immune to sickness and miasma.
Your stone body is resilient. (AC +4)
You are immune to poison.
You resist negative energy. (rN+)
You are resistant to electric shocks. (rElec)
You are resistant to unholy torment.
You are immune to petrification.


   Skills:
 + Level 3.2 Fighting
 - Level 6.1 Ranged Weapons
 - Level 1.1 Armour
 - Level 1.5 Dodging
 - Level 1.0 Spellcasting
 - Level 2.6 Hexes


You had 6 spell levels left.
You knew the following spells:

 Your Spells              Type           Power      Damage    Failure   Level
a - Slow                  Hex            32%        N/A       21%         1

Your spell library contained the following spells:

 Spells                   Type           Power      Damage    Failure   Level
 Inner Flame              Hex/Fire       4%         N/A       71%         3
 Portal Projectile        Hex/Tloc       8%         N/A       71%         3
 Cause Fear               Hex            4%         N/A       90%         4

Inventory:

Hand Weapons
 Y - a +2 sling (weapon)
Armour
 a - a +0 ring mail (worn)
 b - a +1 cloak
 f - the +2 robe of Undesirable Species {rElec rC++ Int+3 Dex-4}
   (You found it on level 5 of the Dungeon)

   Int:       It affects your intelligence (+3).
   Dex:       It affects your dexterity (-4).
   rC:        It greatly protects you from cold.
   rElec:     It insulates you from electricity.
Jewellery
 e - a ring of protection from cold (left hand)
 h - a ring of ice
Scrolls
 g - 5 scrolls of identify
Potions
 d - 4 potions of curing
 i - 2 potions of cancellation {unknown}
 j - a potion of invisibility {unknown}

Dungeon Overview and Level Annotations

Branches:
Dungeon (6/15)
 Temple: D:4-7

Altars:
Cheibriados
Makhleb
Ru
Vehumet

Shops:
D:1 !

Annotations:
D:5 3 runed translucent doors, qw's ghost, novice GrHs


Message History

Enter note:
Enter note:
Enter note: You shoot a sling bullet.
The sling bullet completely misses the orc wizard.
The sling bullet barely misses the orc.
The sling bullet barely misses the orc warrior.
The orc wizard points at you and mumbles some strange words.
The puff of flame hits you.
You shoot a sling bullet. The sling bullet hits the orc wizard!
The orc wizard is heavily wounded.
The orc wizard casts a spell at you. The magic dart hits you.
You shoot a sling bullet.
The sling bullet barely misses the orc wizard.
The sling bullet closely misses the orc warrior.
You shoot a sling bullet. The sling bullet hits the orc warrior.
The orc warrior is lightly wounded.
The orc wizard gestures wildly while chanting.
The orc wizard flickers and vanishes!
Deactivating autopickup; reactivate with Ctrl-A.
The orc warrior hits you with a +1 battleaxe of draining!
You shoot a sling bullet. The sling bullet hits the orc warrior.
The orc warrior is moderately wounded.
The orc warrior barely misses you.
You shoot a sling bullet.
The sling bullet completely misses the orc warrior.
The orc warrior barely misses you.
The orc hits you from afar with a +0 trident.
You shoot a sling bullet.
The sling bullet hits the orc warrior but does no damage.
The orc warrior is moderately wounded.
The orc warrior hits you with a +1 battleaxe of draining.
The orc closely misses you. The orc hits you but does no damage.
The orc warrior hits you with a +1 battleaxe of draining!
3766 ||| READING scroll of teleportation.
As you read the scroll of teleportation, it crumbles to dust.
You feel strangely unstable.
The orc warrior hits you with a +1 battleaxe of draining!
You die...

#######..#
#####.....####....# #
##.# #........#.....#.#
#
#.####.#).......#...#..
#
#......#..........###.#
#
######.#.......##.....#
# ####
#..>......####.### #
..... #.........# #....
# .....o###.......#
###.# #
.....{o@........# #.. #
.....o#######...# ### #
..... ##### # ....
####### ... #...... ..
#.##### . # # #


You could see an orc warrior and 2 orcs.

Vanquished Creatures
  A scorpion (D:5)
  A hound (D:5)
  2 sleepcaps
  Jessica (D:2)
  An iguana (D:5)
  An orc wizard (D:3)
  8 adders
  A worm (D:4)
  6 dart slugs
  4 orcs
  5 bats
  5 endoplasms
  3 giant cockroaches
  4 goblins
  4 hobgoblins
  6 kobolds
  A quokka (D:5)
  10 ball pythons
  4 frilled lizards
  3 rats
71 creatures vanquished.

Notes
Turn   | Place    | Note
-------+----------+-------------------------------------------
     0 | D:1      | qw the Gargoyle Hexslinger began the quest for the Orb.
     0 | D:1      | Reached XP level 1. HP: 12/12 MP: 2/2
     0 | D:1      | 0 ||| qw: Version: 0.3-a-52-g30416fa
     0 | D:1      | 0 ||| qw: Game counter: 6330
     0 | D:1      | 0 ||| qw: Melee chars always use a shield: true
     0 | D:1      | 0 ||| qw: God list: Okawaru
     0 | D:1      | 0 ||| qw: Allow faded altars: false
     0 | D:1      | 0 ||| qw: Do Orc after clearing Dungeon:15 true
     0 | D:1      | 0 ||| qw: Do second Lair branch before Depths: true
     0 | D:1      | 0 ||| qw: Lair rune preference: random
     0 | D:1      | 0 ||| qw: Goals: Normal
     0 | D:1      | 0 ||| PLANNING D:1-11
   154 | D:1      | Reached XP level 2. HP: 16/16 MP: 3/3
   361 | D:1      | Found a faded altar of an unknown god.
   394 | D:1      | Found Faugg's Distillery.
   402 | D:1      | 402 ||| SHOPLISTING potion of curing (39 gold, have 26).
   402 | D:1      | 402 ||| SHOPLISTING potion of haste (130 gold, have 26).
   402 | D:1      | 402 ||| SHOPLISTING potion of heal wounds (65 gold, have
                  | 26).
   560 | D:1      | Reached skill level 3 in Ranged Weapons
   596 | D:1      | 596 ||| READING scroll labelled PUNEUBIFOUX.
   597 | D:1      | 597 ||| READING scroll labelled ITATIRR UTOEBB.
   598 | D:1      | 598 ||| READING scroll labelled XYNWIF LUSIEW.
   612 | D:1      | 612 ||| DRINKING 3 puce potions.
   613 | D:1      | 613 ||| DROPPING scroll of poison.
   676 | D:2      | Noticed Jessica
   686 | D:2      | Killed Jessica
   687 | D:2      | Reached XP level 3. HP: 22/22 MP: 4/4
  1062 | D:2      | Reached XP level 4. HP: 27/27 MP: 5/5
  1403 | D:2      | 1403 ||| UPGRADING to ring of protection from cold.
  1404 | D:2      | 1404 ||| READING scroll labelled VIK PI NAPH.
  1407 | D:2      | 1407 ||| READING scroll labelled DAENAU ELUI.
  1408 | D:2      | 1408 ||| READING scroll labelled MITIYRPH FIWKU.
  1409 | D:2      | 1409 ||| READING 2 scrolls of identify.
  1409 | D:2      | 1409 ||| IDENTIFYING fuming inky potion
  1609 | D:3      | Reached skill level 4 in Ranged Weapons
  1616 | D:3      | 1616 ||| FLEEEEING.
  1617 | D:3      | 1617 ||| FLEEEEING.
  1618 | D:3      | 1618 ||| FLEEEEING.
  1621 | D:3      | 1621 ||| DRINKING 2 potions of curing.
  1621 | D:3      | 1621 ||| (to cure confusion)
  1628 | D:3      | Reached XP level 5. HP: 16/31 MP: 6/6
  2386 | D:3      | 2386 ||| UPGRADING to +0 ring mail.
  2396 | D:3      | 2396 ||| DROPPING +0 robe.
  2397 | D:3      | 2397 ||| READING scroll labelled GUTARU KUIZY.
  2398 | D:3      | 2398 ||| READING 2 scrolls of identify.
  2398 | D:3      | 2398 ||| IDENTIFYING fizzy green potion
  2399 | D:3      | 2399 ||| DROPPING potion of brilliance.
  2463 | D:4      | Found a radiant altar of Vehumet.
  2477 | D:4      | Reached skill level 1 in Armour
  2854 | D:4      | Reached skill level 5 in Ranged Weapons
  2880 | D:4      | Reached skill level 3 in Fighting
  2996 | D:4      | Found a sacrificial altar of Ru.
  3043 | D:4      | Reached XP level 6. HP: 37/37 MP: 7/7
  3058 | D:4      | Found a snail-covered altar of Cheibriados.
  3114 | D:4      | 3114 ||| READING scroll labelled LEKHLI NU QEGA.
  3115 | D:4      | 3115 ||| READING scroll labelled IMUTEA UFFERY.
  3147 | D:5      | Entered Level 5 of the Dungeon
  3197 | D:5      | You fall into a shaft and drop 1 floor!
  3261 | D:5      | HP: 5/37 [iguana (11)]
  3262 | D:5      | 3262 ||| DRINKING 2 potions of heal wounds.
  3266 | D:5      | HP: 8/37 [iguana (4)]
  3267 | D:5      | 3267 ||| DRINKING potion of heal wounds.
  3391 | D:5      | Reached skill level 6 in Ranged Weapons
  3474 | D:5      | Found a burning altar of Makhleb.
  3474 | D:5      | Noticed a balrug
  3477 | D:5      | Noticed a ynoxinul
  3477 | D:5      | Noticed a smoke demon
  3610 | D:5      | Found a runed translucent gate.
  3610 | D:5      | Found a runed translucent gate.
  3612 | D:5      | Found a runed translucent gate.
  3612 | D:5      | Noticed qw's ghost (novice GrHs)
  3638 | D:5      | Identified the +2 robe of Undesirable Species {rElec rC++
                  | Int+3 Dex-4}
  3758 | D:5      | Noticed an orc warrior
  3765 | D:5      | HP: 8/37 [orc warrior/+1 battleaxe of draining (11)]
  3766 | D:5      | 3766 ||| READING scroll of teleportation.
  3766 | D:5      | Slain by an orc warrior

Levels and vault maps discovered:
D:1:      minmay_arrival_open_corners, layout_basic, serial_shops,
          nicolae_shop_industrial_runoff,
          dreamdust_ecumenical_altar_hidden_monk_grotto
D:2:      layout_loops_cross, uniq_jessica
D:3:      layout_basic
D:4:      layout_basic, mainiacjoe_overflow_swirl,
          nicolae_ru_the_path_less_chosen
D:5:      layout_basic, makhleb_altar_promises_db,
          gammafunk_ghost_nasty_kobolds, hangedman_abyss_or_decor_stabs
D:6:      layout_rooms, minmay_temple_entry_fiery, serial_glass,
          glass_columns_a, glass_columns_c, uniq_blork_the_orc, uniq_eustachio,
          uniq_edmund

Skill      XL: |  1  2  3  4  5  6 |
---------------+-------------------+-----
Ranged Weapons | 3 4 5 6 |  6.1
Fighting       | 2 3 |  3.2
Armour         | 1 |  1.1
Dodging        | |  1.5
Spellcasting   | |  1.0
Hexes          | |  2.6

Action                     |  1- 3 |  4- 6 || total
---------------------------+-------+-------++-------
   Fire: Sling             |    74 |   204 ||   278
    Use: Scroll            |     3 |     9 ||    12
         Potion            |     1 |     3 ||     4
 Armour: Robe              |    10 |    13 ||    23
         Ring mail         |       |    36 ||    36
  Dodge: Dodged            |    17 |    66 ||    83

Table legend:
 A = Non-vault XP
 B = Vault XP
 C = Vault XP percentage of total XP
 D = Non-vault monster count
 E = Vault monster count
 F = Vault count percentage of total count
                 A         B        C        D         E       F
            +---------+---------+-------+---------+---------+-------
      Total |     488 |      37 |   7.0 |      70 |       1 |   1.4
            +---------+---------+-------+---------+---------+-------
        D:1 |      24 |       0 |   0.0 |      13 |       0 |   0.0
        D:2 |      54 |      37 |  40.7 |      20 |       1 |   4.8
        D:3 |      74 |       0 |   0.0 |      19 |       0 |   0.0
        D:4 |     134 |       0 |   0.0 |      12 |       0 |   0.0
        D:5 |     202 |       0 |   0.0 |       6 |       0 |   0.0
            +---------+---------+-------+---------+---------+-------
